AA
SIOUX FALLS CANARIES @ LINCOLN SALTDOGS
07/25/2072
 
TOP OF THE 1ST
Chicago Dogs batting - Pitching for Lincoln Saltdogs : LHP Mike Beavers
Pitching: LHP Mike Beavers
Batting: SHB Ramiro Rivera 0-0: Ball
1-0: Ball
2-0: Foul Ball, location: 2F
2-1: Ball
3-1: Ground out 4-3 (Groundball, 4, EV 92.5 MPH)
Batting: RHB Hector Torres 0-0: Called Strike
0-1: Foul Ball, location: 2F
0-2: Strikes out looking
Batting: SHB Nate Gibson 0-0: Fly out, F8 (Flyball, 8LS, EV 84.4 MPH)
Top of the 1st over - 0 runs, 0 hits, 0 errors, 0 left on base; Chicago 0 - Lincoln 0
BOTTOM OF THE 1ST
Lincoln Saltdogs batting - Pitching for Chicago Dogs : LHP James Rehm
Pitching: LHP James Rehm
Batting: RHB Jeremy Simmons 0-0: Called Strike
0-1: Ball
1-1: DOUBLE (Flyball, 78D, EV 94.4 MPH)
Batting: LHB Adrian Moreno 0-0: Ball
1-0: Called Strike
1-1: SINGLE (Groundball, 34D, EV 96.9 MPH)
Jeremy Simmons to third
Batting: LHB Nazir Wilson 0-0: Ball
1-0: Ball
2-0: Called Strike
2-1: Ball
3-1: Foul Ball, location: 2F
3-2: Fly out, F8 (Flyball, 8RD, EV 89.4 MPH)
Runner from 3rd tags up, OUT at HOME! 8-2
Adrian Moreno to second
Batting: SHB Tony Cantu 0-0: Swinging Strike
0-1: Ball
1-1: Ball
2-1: Fly out, F7 (Flyball, 78S, EV 86.2 MPH)
Bottom of the 1st over - 0 runs, 2 hits, 0 errors, 1 left on base; Chicago 0 - Lincoln 0
TOP OF THE 2ND
Chicago Dogs batting - Pitching for Lincoln Saltdogs : LHP Mike Beavers
Batting: RHB Tom Barlow 0-0: Foul Ball, location: 2F
0-1: Foul Ball, location: 2F
0-2: Foul Ball, location: 2F
0-2: Ball
1-2: Ball
2-2: Ball
3-2: Base on Balls
Batting: RHB Ruben Martinez 0-0: Ball
1-0: Ground out 4-3 (Groundball, 34, EV 101.9 MPH)
Tom Barlow to second
Batting: RHB Humberto Salas 0-0: Ball
1-0: Ball
2-0: Ball
3-0: Base on Balls
Batting: SHB Jose Lopez 0-0: Ball
1-0: Swinging Strike
1-1: Foul Ball, location: 2F
1-2: Foul Ball, location: 2F
1-2: Strikes out swinging
Batting: RHB Tim Skrzypek 0-0: Ball
1-0: Called Strike
1-1: Foul Ball, location: 2F
1-2: Strikes out swinging
Top of the 2nd over - 0 runs, 0 hits, 0 errors, 2 left on base; Chicago 0 - Lincoln 0
BOTTOM OF THE 2ND
Lincoln Saltdogs batting - Pitching for Chicago Dogs : LHP James Rehm
Batting: RHB Noah Dotson 0-0: Ball
1-0: Called Strike
1-1: Ball
2-1: SINGLE (Line Drive, 9S, EV 94.4 MPH)
Batting: LHB Tyler Hedderman 0-0: Ball
1-0: Fielders Choice at 2nd, 3-6 (Groundball, 3, EV 89.4 MPH)
Batting: RHB Manny Bentancourt 0-0: Ball
1-0: Called Strike
1-1: Foul Ball, location: 2F
1-2: Ball
2-2: Fly out, F8 (Flyball, 8LXD, EV 103.8 MPH)
Batting: RHB John Urban 0-0: Ball
1-0: SINGLE (Groundball, 6D, EV 100.0 MPH)
Tyler Hedderman to second
Batting: RHB Juan Ruiz 0-0: Fielders Choice at 2nd, 6-4 (Groundball, 6, EV 99.4 MPH)
Bottom of the 2nd over - 0 runs, 2 hits, 0 errors, 2 left on base; Chicago 0 - Lincoln 0
TOP OF THE 3RD
Chicago Dogs batting - Pitching for Lincoln Saltdogs : LHP Mike Beavers
Batting: RHB Oscar Leon 0-0: Foul Ball, location: 2F
0-1: Foul Ball, location: 2F
0-2: Foul Ball, location: 2F
0-2: Foul Ball, location: 2F
0-2: Foul Ball, location: 2F
0-2: Ground out 6-3 (Groundball, 56, EV 82.5 MPH)
Batting: SHB Ramiro Rivera 0-0: Called Strike
0-1: Swinging Strike
0-2: Fly out, F8 (Flyball, 8RD, EV 90.6 MPH)
Batting: RHB Hector Torres 0-0: Foul Ball, location: 2F
0-1: Foul Ball, location: 2F
0-2: Ball
1-2: Ball
2-2: DOUBLE (Flyball, 8RXD, EV 97.5 MPH)
Batting: SHB Nate Gibson 0-0: Called Strike
0-1: Ground out 5-3 (Groundball, 56, EV 96.9 MPH)
Top of the 3rd over - 0 runs, 1 hit, 0 errors, 1 left on base; Chicago 0 - Lincoln 0
BOTTOM OF THE 3RD
Lincoln Saltdogs batting - Pitching for Chicago Dogs : LHP James Rehm
Batting: RHB Jeremy Simmons 0-0: Ball
1-0: Ball
2-0: Ball
3-0: Base on Balls
Batting: LHB Adrian Moreno 0-0: 2-RUN HOME RUN (Line Drive, 9LD, EV 101.2 MPH), Distance : 370 ft
Batting: LHB Nazir Wilson 0-0: Ball
1-0: Swinging Strike
1-1: Called Strike
1-2: DOUBLE (Line Drive, 89XD, EV 112.5 MPH)
Batting: SHB Tony Cantu 0-0: Ground out 6-3 (Groundball, 6, EV 108.1 MPH)
Batting: RHB Noah Dotson 0-0: Swinging Strike
0-1: Swinging Strike
0-2: Ball
1-2: Foul Ball, location: 2F
1-2: Ball
2-2: Ground out 6-3 (Groundball, 6, EV 105.6 MPH)
Batting: LHB Tyler Hedderman 0-0: Swinging Strike
0-1: Foul Ball, location: 2F
0-2: Strikes out swinging
Bottom of the 3rd over - 2 runs, 2 hits, 0 errors, 1 left on base; Chicago 0 - Lincoln 2
TOP OF THE 4TH
Chicago Dogs batting - Pitching for Lincoln Saltdogs : LHP Mike Beavers
Batting: RHB Tom Barlow 0-0: Ball
1-0: Ball
2-0: Ball
3-0: Foul Ball, location: 2F
3-1: Base on Balls
Batting: RHB Ruben Martinez 0-0: Called Strike
0-1: 2-RUN HOME RUN (Flyball, 78XD, EV 100.6 MPH), Distance : 428 ft
Batting: RHB Humberto Salas 0-0: Ball
1-0: Ball
2-0: Foul Ball, location: 2F
2-1: Foul Ball, location: 2F
2-2: Ball
3-2: Foul Ball, location: 2F
3-2: Fly out, F5 (Popup, 56, EV 62.5 MPH)
Batting: SHB Jose Lopez 0-0: Ball
1-0: Ball
2-0: Called Strike
2-1: Fly out, F9 (Flyball, 9LM, EV 86.2 MPH)
Batting: RHB Tim Skrzypek 0-0: Ball
1-0: Ball
2-0: Ball
3-0: Swinging Strike
3-1: Swinging Strike
3-2: Base on Balls
Batting: RHB Oscar Leon 0-0: Ball
1-0: Fielders Choice at 2nd, 6-4 (Groundball, 6, EV 100.6 MPH)
Top of the 4th over - 2 runs, 1 hit, 0 errors, 1 left on base; Chicago 2 - Lincoln 2
BOTTOM OF THE 4TH
Lincoln Saltdogs batting - Pitching for Chicago Dogs : LHP James Rehm
Batting: RHB Manny Bentancourt 0-0: Ball
1-0: Foul Ball, location: 2F
1-1: Swinging Strike
1-2: Fly out, F9 (Flyball, 9, EV 80.0 MPH)
Batting: RHB John Urban 0-0: Ball
1-0: Ball
2-0: Called Strike
2-1: Foul Ball, location: 2F
2-2: Foul Ball, location: 2F
2-2: Ground out 1-3 (Groundball, 13S, EV 67.5 MPH)
Batting: RHB Juan Ruiz 0-0: Foul Ball, location: 2F
0-1: Ball
1-1: SOLO HOME RUN (Flyball, 7LD, EV 101.2 MPH), Distance : 349 ft
Batting: RHB Jeremy Simmons 0-0: SINGLE (Line Drive, 9S, EV 98.1 MPH)
Batting: LHB Adrian Moreno 0-0: Ball
1-0: SINGLE (Groundball, 6S, EV 65.0 MPH) (infield hit)
Jeremy Simmons to second
Batting: LHB Nazir Wilson 0-0: Ball
1-0: Swinging Strike
1-1: Ground out 1-3 (Groundball, 13S, EV 66.2 MPH)
Bottom of the 4th over - 1 run, 3 hits, 0 errors, 2 left on base; Chicago 2 - Lincoln 3
TOP OF THE 5TH
Chicago Dogs batting - Pitching for Lincoln Saltdogs : LHP Mike Beavers
Batting: SHB Ramiro Rivera 0-0: Ball
1-0: Ball
2-0: Called Strike
2-1: Ball
3-1: Swinging Strike
3-2: Fly out, F8 (Line Drive, 8RD, EV 93.1 MPH)
Batting: RHB Hector Torres 0-0: Ball
1-0: Called Strike
1-1: Ground out 6-3 (Groundball, 6, EV 86.2 MPH)
Batting: SHB Nate Gibson 0-0: Called Strike
0-1: Called Strike
0-2: Strikes out swinging
Top of the 5th over - 0 runs, 0 hits, 0 errors, 0 left on base; Chicago 2 - Lincoln 3
BOTTOM OF THE 5TH
Lincoln Saltdogs batting - Pitching for Chicago Dogs : LHP James Rehm
Batting: SHB Tony Cantu 0-0: Called Strike
0-1: Ball
1-1: Fly out, F7 (Flyball, 7D, EV 88.1 MPH)
Batting: RHB Noah Dotson 0-0: Ball
1-0: Foul Ball, location: 2F
1-1: Ball
2-1: Foul Ball, location: 2F
2-2: Foul Ball, location: 2F
2-2: Strikes out swinging
Batting: LHB Tyler Hedderman 0-0: Ball
1-0: Ground out 4-3 (Groundball, 4, EV 82.5 MPH)
Bottom of the 5th over - 0 runs, 0 hits, 0 errors, 0 left on base; Chicago 2 - Lincoln 3
TOP OF THE 6TH
Chicago Dogs batting - Pitching for Lincoln Saltdogs : LHP Mike Beavers
Pitching: LHP Tyler Anderson
Batting: RHB Tom Barlow 0-0: Foul Ball, location: 2F
0-1: Ball
1-1: Foul Ball, location: 2F
1-2: Strikes out swinging
Batting: RHB Ruben Martinez 0-0: Ball
1-0: Ball
2-0: Called Strike
2-1: Ball
3-1: Swinging Strike
3-2: Strikes out looking
Batting: RHB Humberto Salas 0-0: Swinging Strike
0-1: Foul Ball, location: 2F
0-2: Strikes out looking
Top of the 6th over - 0 runs, 0 hits, 0 errors, 0 left on base; Chicago 2 - Lincoln 3
BOTTOM OF THE 6TH
Lincoln Saltdogs batting - Pitching for Chicago Dogs : LHP James Rehm
Batting: RHB Manny Bentancourt 0-0: Fly out, F8 (Flyball, 8RXD, EV 105.6 MPH)
Batting: RHB John Urban 0-0: Fly out, F5 (Popup, 15S, EV 86.2 MPH)
Batting: RHB Juan Ruiz 0-0: Called Strike
0-1: Ball
1-1: Foul Ball, location: 2F
1-2: Ball
2-2: Ground out 5-3 (Groundball, 56, EV 106.2 MPH)
Bottom of the 6th over - 0 runs, 0 hits, 0 errors, 0 left on base; Chicago 2 - Lincoln 3
TOP OF THE 7TH
Chicago Dogs batting - Pitching for Lincoln Saltdogs : LHP Tyler Anderson
Batting: SHB Jose Lopez 0-0: Ball
1-0: Foul Ball, location: 2F
1-1: Fly out, F7 (Flyball, 7LS, EV 86.2 MPH)
Batting: RHB Tim Skrzypek 0-0: Called Strike
0-1: Swinging Strike
0-2: Ball
1-2: Ball
2-2: Ball
3-2: Strikes out swinging
Batting: RHB Oscar Leon 0-0: Swinging Strike
0-1: Fly out, F5 (Flyball, 5D, EV 73.8 MPH)
Top of the 7th over - 0 runs, 0 hits, 0 errors, 0 left on base; Chicago 2 - Lincoln 3
BOTTOM OF THE 7TH
Lincoln Saltdogs batting - Pitching for Chicago Dogs : LHP James Rehm
Batting: RHB Jeremy Simmons 0-0: Swinging Strike
0-1: Swinging Strike
0-2: Ball
1-2: Ball
2-2: Foul Ball, location: 2F
2-2: Ball
3-2: Base on Balls
Batting: LHB Adrian Moreno 0-0: Ball
1-0: Fly out, F7 (Flyball, 78XD, EV 85.0 MPH)
Batting: LHB Nazir Wilson 0-0: Ball
1-0: Foul Ball, location: 2F
1-1: Foul Ball, location: 2F
1-2: Fly out, F7 (Flyball, 7D, EV 105.0 MPH)
Batting: SHB Tony Cantu 0-0: Ball
1-0: Called Strike
1-1: Fly out, F8 (Flyball, 8RS, EV 90.6 MPH)
Bottom of the 7th over - 0 runs, 0 hits, 0 errors, 1 left on base; Chicago 2 - Lincoln 3
TOP OF THE 8TH
Chicago Dogs batting - Pitching for Lincoln Saltdogs : LHP Tyler Anderson
Batting: SHB Ramiro Rivera 0-0: Fly out, F6 (Line Drive, 6, EV 75.0 MPH)
Batting: RHB Hector Torres 0-0: Ball
1-0: Swinging Strike
1-1: Ball
2-1: Ball
3-1: Base on Balls
Pinch Hitting: RHB Javier Cuevas 0-0: Ball
1-0: Ball
2-0: Ball
3-0: Called Strike
3-1: Ground out 6-3 (Groundball, 15, EV 88.8 MPH)
Hector Torres to second
Batting: RHB Tom Barlow 0-0: Called Strike
0-1: Ground out 3-1 (Groundball, 34S, EV 84.4 MPH)
Top of the 8th over - 0 runs, 0 hits, 0 errors, 1 left on base; Chicago 2 - Lincoln 3
BOTTOM OF THE 8TH
Lincoln Saltdogs batting - Pitching for Chicago Dogs : LHP James Rehm
Pitching: LHP Mike Steel
Now in RF: Javier Cuevas
Batting: RHB Noah Dotson 0-0: Ball
1-0: Fly out, F9 (Flyball, 89D, EV 86.2 MPH)
Batting: LHB Tyler Hedderman 0-0: Foul Ball, location: 2F
0-1: Called Strike
0-2: Strikes out swinging
Batting: RHB Manny Bentancourt 0-0: Ball
1-0: Foul Ball, location: 2F
1-1: Called Strike
1-2: DOUBLE (Line Drive, 89D, EV 108.8 MPH)
Batting: RHB John Urban 0-0: SINGLE (Line Drive, 9LS, EV 105.0 MPH)
Manny Bentancourt to third
Runner from 3rd tries for Home, SAFE, throw by RF to home
Batting: RHB Juan Ruiz 0-0: Called Strike
0-1: Ball
1-1: Ball
2-1: SINGLE (Groundball, 56D, EV 98.8 MPH)
John Urban to second
Batting: RHB Jeremy Simmons 0-0: Ball
1-0: Foul Ball, location: 2F
1-1: Called Strike
1-2: Ball
2-2: 3-RUN HOME RUN (Flyball, 9D, EV 99.4 MPH), Distance : 392 ft
Batting: LHB Adrian Moreno 0-0: Ball
1-0: Called Strike
1-1: Swinging Strike
1-2: Foul Ball, location: 2F
1-2: Ground out 4-3 (Groundball, 4, EV 79.4 MPH)
Bottom of the 8th over - 4 runs, 4 hits, 0 errors, 0 left on base; Chicago 2 - Lincoln 7
TOP OF THE 9TH
Chicago Dogs batting - Pitching for Lincoln Saltdogs : LHP Tyler Anderson
Batting: RHB Ruben Martinez 0-0: Swinging Strike
0-1: Swinging Strike
0-2: Foul Ball, location: 2F
0-2: DOUBLE (Flyball, 7LD, EV 93.1 MPH)
Batting: RHB Humberto Salas 0-0: Ball
1-0: Ball
2-0: Swinging Strike
2-1: SINGLE (Groundball, 3D, EV 95.6 MPH)
Ruben Martinez to third
Pitching: RHP John Garland
Batting: SHB Jose Lopez 0-0: Ball
1-0: Ball
2-0: Called Strike
2-1: Ball
3-1: Swinging Strike
3-2: Base on Balls
Humberto Salas to second
Batting: RHB Tim Skrzypek 0-0: Foul Ball, location: 2F
0-1: Ball
1-1: Ground out 5-3 (Groundball, 56S, EV 65.6 MPH)
Ruben Martinez scores
Humberto Salas to third
Jose Lopez to second
Batting: RHB Oscar Leon 0-0: Ball
1-0: Fly out, F7 (Flyball, 78D, EV 83.1 MPH)
Runner from 3rd tags up, SCORES, no throw by LF
Batting: SHB Ramiro Rivera 0-0: Ball
1-0: Ball
2-0: Swinging Strike
2-1: Called Strike
2-2: Foul Ball, location: 2F
2-2: Foul Ball, location: 2F
2-2: Ball
3-2: Foul Ball, location: 2F
3-2: SINGLE (Groundball, 6S, EV 72.5 MPH) (infield hit)
Jose Lopez to third
Batting: RHB Hector Torres 0-0: Fielders Choice at 2nd, U6 (Groundball, 6M, EV 80.6 MPH)
Top of the 9th over - 2 runs, 3 hits, 0 errors, 2 left on base; Chicago 4 - Lincoln 7
Thursday, October 28th , 2021 - OOTP Baseball 22.10 Build 79